 Dungeon Crawl Stone Soup version 0.31-a0-986-g5e6e4ef867 (webtiles) character file.

Game seed: 15561859198191962669

291 IdlyInterested the Ruffian (level 6, -2/45 HPs)
             Began as a Demonspawn Shapeshifter on Nov 8, 2023.
             Succumbed to an orc's poison
             ... on level 3 of the Dungeon.
             The game lasted 00:06:41 (2592 turns).

IdlyInterested the Ruffian (DsSh)                   Turns: 2592, Time: 00:06:42

Health: -2/45      AC:  7    Str: 15    XL:     6   Next: 10%
Magic:  6/6        EV: 11    Int: 11    God:
Gold:   172        SH:  0    Dex: 14    Spells: 5/5 levels left

rFire   . . .        m - +0 short sword (venom)
rCold   . . .        (no shield)
rNeg    . . .        u - +0 ring mail
rPois   .            (helmet currently unavailable)
rElec   .            f - melded +0 cloak
rCorr   .            (gloves currently unavailable)
SInv    .            s - melded +0 pair of boots
Will    .....        (no amulet)
Stlth   +            (no ring)
HPRegen 0.27/turn    (no ring)
MPRegen 0.10/turn

%: no passive effects
@: mighty, brilliant, lethally poisoned (-2 -> -20), beast-form
A: beast (slay +1), rugged brown scales 2, powered by death 1, powered by pain 1
a: Begin Untransformation


You were on level 3 of the Dungeon.
You were a hulking beast.
You visited 1 branch of the dungeon, and saw 3 of its levels.

You collected 172 gold pieces.

Inventory:

Hand Weapons
 g - a +0 dagger
 l - a +0 short sword
 m - a +0 short sword of venom (weapon)
Missiles
 h - 6 poisoned darts (quivered)
 i - 43 stones
 r - 6 curare-tipped darts
 t - 3 boomerangs
Armour
 f - a +0 cloak (melded)
 s - a +0 pair of boots (melded)
 u - a +0 ring mail (worn)
Jewellery
 j - a ring of wizardry
Talismans
 c - a beast talisman (active)
 d - a flux talisman
Scrolls
 a - a scroll of fear
 e - a scroll of teleportation
 p - a scroll of brand weapon {unknown}
Potions
 b - 2 potions of lignification
 o - 2 potions of attraction
 q - a potion of ambrosia {unknown}


   Skills:
 - Level 1.0 Fighting
 - Level 1.0 Throwing
 - Level 1.0 Armour
 - Level 1.7 Dodging
 + Level 0.8 Stealth
 + Level 0.8 Shields
 * Level 5.6 Unarmed Combat
 + Level 0.8 Evocations
 - Level 2.6 Shapeshifting


You had 5 spell levels left.
You didn't know any spells.
Your spell library contained the following spells:

 Spells                   Type           Power      Damage    Failure   Level
 Apportation              Tloc           0%         N/A       56%         1
 Necrotise                Necr           0%         1d4       56%         1
 Summon Small Mammal      Summ           0%         N/A       56%         1


Dungeon Overview and Level Annotations

Branches:
Dungeon (3/15)

Altars:


Innate Abilities, Weirdness & Mutations

You are a hulking beast.
Your limbs bulge with bestial killing power. (Slay +1)
You are mostly covered in rugged brown scales. (AC +2, +5% HP)
You regenerate a little health from kills.
You sometimes gain a little power by taking damage.


Message History

You kill the orc!
You hit the orc priest.
The orc priest is poisoned.
The orc priest is lightly wounded.
The orc priest misses you.
You hit the orc priest.
The orc priest looks as sick as possible!
The orc priest is heavily wounded.
The orc priest invokes the aid of Beogh against you.
Beogh smites you!
You barely miss the orc priest.
The orc priest is almost dead.
You kill the orc priest!
You have reached level 6!
Your demonic ancestry asserts itself...
Rugged brown scales spread over more of your body.
You barely miss the orc. The orc misses you.
You barely miss the orc.
The orc hits you with a +1 dagger of venom.
* * * LOW HITPOINT WARNING * * *
You are poisoned.
You hit the orc.
The orc is poisoned.
The orc is heavily wounded.
You feel sick. The orc hits you but does no damage.
You are lethally poisoned!
You hit the orc but do no damage.
The orc looks as sick as possible!
The orc is heavily wounded.
* * * LOW HITPOINT WARNING * * *
You feel very sick.
The orc hits you with a +1 dagger of venom.
* * * LOW HITPOINT WARNING * * *
Unknown command.
It was a potion of might.
You feel very mighty all of a sudden.
* * * LOW HITPOINT WARNING * * *
You feel very sick. The orc hits you but does no damage.
You are more poisoned.
It was a potion of brilliance.
You feel clever all of a sudden.
You die...

.^......######.#.#.#
#.
...###########.#.#.#
#. #..# ##.........#
...# ......##)###
##[# ......##...#
#.# .........#.# #.#
.......#.#.# #.#
.......#.#.# #.#
.......#.#h# _#
##+###.#.#o# #.#.#.#
#.#.#.# #.
#.#.......o.. ..
###.#..o... #.#.
#.#...... #... #.#
..... #... #.# .....
#..#


You could see an orc (extremely poisoned).

Vanquished Creatures
  Sigmund (D:2)
  An orc priest (D:3)
  A hound (D:3)
  2 adders
  A dart slug (D:1)
  2 orcs (D:3)
  3 endoplasms
  5 giant cockroaches
  4 goblins
  3 hobgoblins
  A quokka (D:2)
  5 ball pythons
  9 bats
  5 frilled lizards
  6 kobolds
  8 rats
57 creatures vanquished.

Notes
Turn   | Place    | Note
-------+----------+-------------------------------------------
     0 | D:1      | IdlyInterested the Demonspawn Shapeshifter began the quest
                  | for the Orb.
     0 | D:1      | Reached XP level 1. HP: 15/15 MP: 1/1
   160 | D:1      | Reached skill level 3 in Unarmed Combat
   212 | D:1      | Gained mutation: You are partially covered in rugged brown
                  | scales. (AC +1, +3% HP) [demonic ancestry]
   212 | D:1      | Reached XP level 2. HP: 15/21 MP: 2/2
   481 | D:1      | Reached skill level 1 in Armour
  1120 | D:2      | Gained mutation: You sometimes gain a little power by
                  | taking damage. [demonic ancestry]
  1120 | D:2      | Reached XP level 3. HP: 21/26 MP: 3/3
  1438 | D:2      | Noticed Sigmund
  1464 | D:2      | Killed Sigmund
  1465 | D:2      | Reached skill level 1 in Throwing
  1465 | D:2      | Reached skill level 5 in Unarmed Combat
  1465 | D:2      | Reached XP level 4. HP: 14/32 MP: 4/4
  1465 | D:2      | Gained mutation: You regenerate a little health from kills.
                  | [demonic ancestry]
  1465 | D:2      | Reached XP level 5. HP: 17/38 MP: 5/5
  2488 | D:3      | Found a faded altar of an unknown god.
  2587 | D:3      | Gained mutation: You are mostly covered in rugged brown
                  | scales. (AC +2, +5% HP) [demonic ancestry]
  2587 | D:3      | Reached XP level 6. HP: 15/45 MP: 6/6
  2591 | D:3      | HP: 2/45 [poisoned by an orc]
  2592 | D:3      | Succumbed to an orc's poison

Illustrated notes

Levels and vault maps discovered:
D:1:      lightli_arrival_isolated_outpost, layout_basic,
          chequers_serial_rivers_micro_a, minmay_hedge_maze,
          minmay_close_crescents
D:2:      layout_loops_ring, supply_closet_lemuel, uniq_sigmund
D:3:      layout_basic, basic_ecumenical_altar, due_unseen_surprise

Skill      XL: |  1  2  3 |
---------------+----------+-----
Unarmed Combat | 3 5 |  5.6
Armour         | 1 |  1.0
Throwing       | 1 |  1.0
Fighting       | |  1.0
Dodging        | |  1.7
Stealth        | |  0.8
Shields        | |  0.8
Evocations     | |  0.8
Shapeshifting  | |  2.6

Action                     |  1- 3 |  4- 6 || total
---------------------------+-------+-------++-------
  Melee: Unarmed           |    85 |       ||    85
         Punch             |     2 |     2 ||     4
         Short sword       |    32 |    55 ||    87
  Throw: Dart              |     1 |     1 ||     2
    Use: Scroll            |     2 |     1 ||     3
         Potion            |       |     3 ||     3
   Stab: Distracted        |     1 |       ||     1
         Sleeping          |     1 |       ||     1
 Armour: Leather armour    |    55 |     7 ||    62
         Ring mail         |       |    22 ||    22
  Dodge: Dodged            |    69 |    31 ||   100
   Form: Beast             |       |     3 ||     3
                           |       |     2 ||     2

Table legend: (Time is in decaauts)
 A = Elapsed time spent in this place.
 B = Non-inter-level travel time spent in this place.
 C = Inter-level travel time spent in this place.
 D = Time resting spent in this place.
 E = Time spent auto-exploring this place.
 F = Levels seen in this place.
 G = Mean time per level.
                   A        B        C        D        E       F      G
               +--------+--------+--------+--------+--------+-----+--------+
         Total |   2593 |   2504 |     89 |    198 |   1685 |   3 |  864.3 |
       Dungeon |   2593 |   2504 |     89 |    198 |   1685 |   3 |  864.3 |
               +--------+--------+--------+--------+--------+-----+--------+

Top non-repeatable levels by time:
     D:1: 1047 daAuts
     D:2: 1007 daAuts
     D:3: 538 daAuts
